 Dungeon Crawl Stone Soup version 0.22.0-6-g71bd7aa6b3 (webtiles) character file.

410 Elric the Chopper (level 6, 0/39 HPs)
             Began as a Gargoyle Berserker on Aug 16, 2018.
             Was a Priest of Trog.
             Killed by divine providence
             ... invoked by an orc priest
              (15 damage)
             ... on level 3 of the Dungeon.
             The game lasted 00:03:54 (2170 turns).

Elric the Chopper (Gargoyle Berserker)              Turns: 2170, Time: 00:03:54

Health: 0/39       AC: 15    Str: 22    XL:     6   Next: 89%
Magic:  6/6        EV: 10    Int:  8    God:    Trog [***...]
Gold:   114        SH:  0    Dex:  9    Spells: 5/5 levels left

rFire    . . .     SeeInvis .   a - +0 hand axe
rCold    . . .     Gourm    .   (no shield)
rNeg     + . .     Faith    .   e - +2 scale mail {MR+}
rPois    ∞         Spirit   .   (no helmet)
rElec    +         Reflect  .   (no cloak)
rCorr    .         Harm     .   r - +0 pair of gloves
MR       +++..                  m - +0 pair of boots
Stlth    ..........             (no amulet)
HPRegen  1.13/turn              (no ring)
MPRegen  0.10/turn              (no ring)

@: berserk cooldown, regenerating, slowed, very slow
A: negative energy resistance 1, electricity resistance, unbreathing,
petrification resistance, rot immunity, AC +4
a: Berserk, Trog's Hand, Renounce Religion


You were on level 3 of the Dungeon.
You worshipped Trog.
Trog was most pleased with you.
You were very hungry.

You visited 1 branch of the dungeon, and saw 3 of its levels.

You collected 114 gold pieces.

Inventory:

Hand Weapons
 a - a +0 hand axe (weapon)
Missiles
 s - 5 needles of sleeping
Armour
 e - a +2 scale mail of magic resistance (worn)
 m - a +0 pair of boots (worn)
 n - a +0 chain mail
 r - a +0 pair of gloves (worn)
Jewellery
 t - an uncursed ring of ice {unknown}
Wands
 p - a wand of digging (7)
Scrolls
 b - a scroll of noise {unknown}
 g - 2 scrolls of fog {unknown}
 i - 2 scrolls of identify {unknown}
 k - 2 scrolls of remove curse {unknown}
 l - a scroll of teleportation {unknown}
Potions
 d - 2 potions of heal wounds {unknown}
 f - 2 potions of curing {unknown}
 h - a potion of brilliance {unknown}
 j - a potion of agility {unknown}
 o - a potion of haste
Comestibles
 c - 5 rations
 q - a chunk of flesh


   Skills:
 + Level 4.4 Fighting
 + Level 5.0 Axes
 + Level 4.3 Armour
 + Level 2.4 Dodging
 + Level 0.1 Stealth


You had 5 spell levels left.
You didn't know any spells.
Your spell library was empty.

Dungeon Overview and Level Annotations

Branches:
Dungeon (3/15)

Altars:
Makhleb
Nemelex Xobeh
Trog


Innate Abilities, Weirdness & Mutations

You are resistant to torment.
Your stone body is resilient. (AC +4)
You are immune to poison.
You resist negative energy. (rN+)
You are resistant to electric shocks. (rElec)
You can survive without breathing.
You are immune to petrification.
You are immune to rotting.


Message History

Your Axes skill increases to level 5!
You feel a bit more experienced. The orc hits you but does no damage.
Things that are here:
a dagger; a glowing robe You slash the orc!
You kill the orc!
Trog accepts your kill.
You feel the effects of Trog's Hand fading.
The orc priest calls down the wrath of Beogh upon you.
You resist with almost no effort.
You are no longer berserk.
You are exhausted.
You feel yourself slow down.
Things that are here:
a falchion; a chain mail You closely miss the orc priest.
The orc priest invokes the aid of Beogh against you.
Beogh smites you!
You die...

##.# #.. ### #.. #.. #..
### #############
.###########............
..ooolo@)))..###########
##############


You could see an orc priest, 3 orcs and a frilled lizard.

Vanquished Creatures
  Sigmund (D:2)
  An orc priest (D:3)
  An orc wizard (D:3)
  A worker ant (D:2)
  4 gnolls (D:3)
  3 adders
  7 worms (D:2)
  3 dart slugs (D:2)
  A leopard gecko (D:1)
  11 orcs (D:3)
  A giant cockroach (D:3)
  2 hobgoblins (D:1)
  11 jackals
  2 kobolds
  2 quokkas
  A ball python (D:2)
  6 bats
  3 frilled lizards
  5 goblins
  10 rats
76 creatures vanquished.

Notes
Turn   | Place    | Note
-------+----------+-------------------------------------------
     0 | D:1      | Elric the Gargoyle Berserker began the quest for the Orb.
     0 | D:1      | Reached XP level 1. HP: 14/14 MP: 1/1
   221 | D:1      | Reached XP level 2. HP: 19/19 MP: 2/2
   276 | D:1      | Reached skill level 3 in Axes
   642 | D:2      | Reached XP level 3. HP: 22/24 MP: 3/3
   702 | D:2      | Reached ** piety under Trog
   718 | D:2      | Found a sparkling altar of Nemelex Xobeh.
  1011 | D:2      | Reached XP level 4. HP: 29/29 MP: 4/4
  1438 | D:2      | Noticed a moth of wrath
  1441 | D:2      | Found a bloodstained altar of Trog.
  1599 | D:2      | Noticed Sigmund
  1615 | D:2      | Killed Sigmund
  1615 | D:2      | Reached skill level 4 in Axes
  1615 | D:2      | Reached XP level 5. HP: 27/33 MP: 5/5
  1615 | D:2      | Reached XP level 6. HP: 31/38 MP: 6/6
  1777 | D:2      | Found a burning altar of Makhleb.
  1970 | D:3      | Reached *** piety under Trog
  2025 | D:3      | Received a gift from Trog
  2166 | D:3      | Reached skill level 5 in Axes
  2170 | D:3      | Killed from afar by an orc priest

Skill      XL: |  1  2  3  4  5  6 |
---------------+-------------------+-----
Axes           | 3 4 5 |  5.0
Dodging        | 2 |  2.4
Armour         | 3 4 |  4.3
Fighting       | 4 |  4.4
Stealth        | |  0.1

Action                   |  1- 3 |  4- 6 || total
-------------------------+-------+-------++-------
Melee: Hand axe          |   131 |   186 ||   317
Invok: Berserk           |       |     5 ||     5
       Trog's Hand       |       |     1 ||     1
  Eat: Chunk             |       |     5 ||     5
       Ration            |       |     1 ||     1
Armor: Ring mail         |    63 |    22 ||    85
       Animal skin       |     1 |       ||     1
       Scale mail        |       |    61 ||    61
       Chain mail        |       |     7 ||     7
Dodge: Dodged            |   114 |   117 ||   231
